 Dungeon Crawl Stone Soup version 0.30.0-19-g36f170ea60 (webtiles) character file.

Game seed: 13035356597282227758

331 suipiss the Slasher (level 6, -4/48 HPs)
             Began as a Demonspawn Cinder Acolyte on May 31, 2023.
             Was an Elder of Ignis.
             Slain by a gnoll
             ... wielding a +0 whip
              (8 damage)
             ... on level 3 of the Dungeon.
             The game lasted 00:06:46 (2484 turns).

suipiss the Slasher (Demonspawn Cinder Acolyte)     Turns: 2484, Time: 00:06:46

Health: -4/48      AC:  2    Str: 14    XL:     6   Next: 26%
Magic:  2/8        EV: 12    Int: 17    God:    Ignis [****..]
Gold:   145        SH:  0    Dex: 11    Spells: 5/7 levels left

rFire   + . .        a - +0 falchion (flame)
rCold   . . .        (no shield)
rNeg    . . .        b - +0 robe
rPois   .            (no helmet)
rElec   .            (no cloak)
rCorr   .            (no gloves)
SInv    .            (no boots)
Will    .....        (no amulet)
Stlth   +++          i - ring of flight
HPRegen 0.28/turn    (no ring)
MPRegen 0.11/turn

%: no passive effects
@: flying, hasted, very quick
A: thin skeletal structure 1, demonic guardian 2, foul stench 1
a: Renounce Religion, Fiery Armour, Foxfire Swarm, Rising Flame


You were on level 3 of the Dungeon.
You worshipped Ignis.
Ignis was greatly pleased with you.
You visited 1 branch of the dungeon, and saw 3 of its levels.

You collected 145 gold pieces.

Inventory:

Hand Weapons
 a - a +0 falchion of flaming (weapon)
Armour
 b - a +0 robe (worn)
Jewellery
 i - a ring of flight (left hand)
 m - a ring of fire
Scrolls
 h - 2 scrolls of identify
 l - a scroll of teleportation {unknown}
Potions
 c - a potion of berserk rage {unknown}
 d - a potion of lignification
 e - a potion of brilliance {unknown}
 f - a potion of flight {unknown}
 g - a potion of attraction {unknown}
 j - a potion of ambrosia {unknown}
 k - a potion of haste
 n - a potion of mutation {unknown}


   Skills:
 + Level 4.1 Fighting
 + Level 4.1 Long Blades
 + Level 1.6 Dodging
 * Level 3.1 Stealth
 + Level 1.4 Spellcasting
 + Level 3.0 Fire Magic


You had 5 spell levels left.
You knew the following spells:

 Your Spells              Type           Power      Damage    Failure   Level
a - Scorch                Fire           22%        2d5       9%          2

Your spell library contained the following spells:

 Spells                   Type           Power      Damage    Failure   Level
 Summon Guardian Golem    Hex/Summ       1%         N/A       52%         3
 Vhi's Electric Charge    Tloc/Air       2%         N/A       52%         3
 Dispersal                Tloc           0%         N/A       100%        6
 Orb of Destruction       Conj           0%         9d5       100%        7
 Spellforged Servitor     Conj/Summ      0%         N/A       100%        7
 Ignition                 Fire           5%         3d4       100%        8


Dungeon Overview and Level Annotations

Branches:
Dungeon (3/15)

Altars:


Innate Abilities, Weirdness & Mutations

You have a somewhat thin skeletal structure. (Dex +2, Stealth+)
A demonic guardian rushes to your aid.
You may rarely emit foul miasma when damaged in melee.


Message History

You aren't carrying any items that you can evoke.
You hit the gnoll but do no damage.
The gnoll is moderately wounded.
The gnoll is no longer more vulnerable to fire.
The gnoll barely misses you. The gnoll hits you with a +0 whip. x2
You completely miss the gnoll.
The gnoll is moderately wounded.
The gnoll is no longer more vulnerable to fire.
Your magical contamination has completely faded away.
There is a stone staircase leading down here.
The gnoll attacks as you move away! The gnoll barely misses you.
The gnoll attacks as you move away! The gnoll hits you with a +0 flail!
You barely miss the gnoll.
The gnoll is lightly wounded.
The gnoll closely misses you.
You barely miss the gnoll.
The gnoll is lightly wounded.
The gnoll closely misses you.
Casting: Scorch (safe; 9% risk of failure)
Confirm with . or Enter, or press ? or * to list all spells.
Flames lash the gnoll.
The gnoll is severely wounded.
The gnoll's fire resistance burns away.
Casting: Scorch (safe; 9% risk of failure)
Confirm with . or Enter, or press ? or * to list all spells.
You don't have enough magic to cast this spell.
The gnoll attacks as you move away! The gnoll barely misses you.
You hit the gnoll. You burn the gnoll.
You kill the gnoll!
The gnoll attacks as you move away! The gnoll hits you with a +0 whip!
* * * LOW HITPOINT WARNING * * *
The gnoll hits you with a +0 whip!
* * * LOW HITPOINT WARNING * * *
A demonic guardian appears!
Your rust devil hits the hobgoblin!
The hobgoblin dies!
Okay, then.
It was a potion of haste.
You feel yourself speed up. The gnoll hits you with a +0 whip!
You die...

#......# #.# #......#
#.# #......# ##.#
#......####..#
#...........##
####...###### #......#
#######......#
#.....@......#
#....g#......#
#.....#......# #......
#..4†........# #......
#.g.....)....# ......
###............#
###...###........#######
.......##.####...#
.......##.# #...#


You could see 2 gnolls and a friendly rust devil (summoned).

Vanquished Creatures
  An ogre (D:3)
  A phantom (D:3)
  3 adders (D:2)
  3 gnolls
  2 dart slugs (D:2)
  An orc (D:3)
  An endoplasm (D:1)
  3 giant cockroaches
  9 goblins (D:3)
  4 hobgoblins
  13 kobolds
  4 quokkas
  4 ball pythons
  8 bats
  4 frilled lizards
  2 rats (D:1)
63 creatures vanquished.

Vanquished Creatures (collateral kills)
  4 gnolls (D:2)
  A hobgoblin (D:3)
5 creatures vanquished.

Vanquished Creatures (others)
  4 foxfires (D:2)
4 creatures vanquished.

Grand Total: 72 creatures vanquished

Notes
Turn   | Place    | Note
-------+----------+-------------------------------------------
     0 | D:1      | suipiss the Demonspawn Cinder Acolyte began the quest for
                  | the Orb.
     0 | D:1      | Reached XP level 1. HP: 18/18 MP: 2/2
   163 | D:1      | Gained mutation: You have a somewhat thin skeletal
                  | structure. (Dex +2, Stealth+) [demonic ancestry]
   163 | D:1      | Reached XP level 2. HP: 17/24 MP: 3/3
   682 | D:1      | Gained mutation: A weak demonic guardian rushes to your
                  | aid. [demonic ancestry]
   682 | D:1      | Reached XP level 3. HP: 23/29 MP: 4/4
   868 | D:1      | Found a faded altar of an unknown god.
  1044 | D:2      | Reached skill level 1 in Stealth
  1100 | D:2      | Gained mutation: You may rarely emit foul miasma when
                  | damaged in melee. [demonic ancestry]
  1100 | D:2      | Reached XP level 4. HP: 10/36 MP: 5/5
  1680 | D:2      | Reached skill level 1 in Dodging
  1689 | D:2      | Learned a level 2 spell: Scorch
  1710 | D:2      | Got the Omnibus of Locality and the Burn
  1906 | D:2      | Gained mutation: A demonic guardian rushes to your aid.
                  | [demonic ancestry]
  1906 | D:2      | Reached XP level 5. HP: 41/41 MP: 6/6
  2088 | D:3      | Noticed an ogre
  2131 | D:3      | Killed an ogre
  2214 | D:3      | Noticed a phantom
  2227 | D:3      | Killed a phantom
  2228 | D:3      | Reached XP level 6. HP: 23/48 MP: 0/8
  2484 | D:3      | Slain by a gnoll

Illustrated notes

Levels and vault maps discovered:
D:1:      sevenhm_arrival_forest_fort_small_1, layout_loops_ring,
          ebering_ecumenical_altar_abandoned, minmay_misc_feat_plants,
          minmay_tall_x
D:2:      layout_basic, serial_glass, glass_columns_a, glass_columns_b,
          glass_columns_b, glass_columns_b, glass_columns_b, glass_columns_a,
          due_unseen_surprise, feat_on_display, feat_on_display
D:3:      cheibrodos_old_hovel, layout_basic, serial_shops,
          nicolae_diamond_shop, minmay_ogre_servants

Skill      XL: |  1  2  3  4  5 |
---------------+----------------+-----
Long Blades    | 3 4 |  4.1
Stealth        | 1 2 3 |  3.1
Dodging        | 1 |  1.6
Fighting       | 4 |  4.1
Fire Magic     | 3 |  3.0
Spellcasting   | |  1.4

Action                     |  1- 3 |  4- 6 || total
---------------------------+-------+-------++-------
  Melee: Falchion          |   104 |    96 ||   200
         Punch             |     1 |     1 ||     2
   Cast: Scorch            |       |    11 ||    11
 Invoke: Fiery Armour      |     2 |       ||     2
         Foxfire Swarm     |       |     1 ||     1
    Use: Scroll            |       |     6 ||     6
         Potion            |       |     2 ||     2
   Stab: Sleeping          |     4 |     1 ||     5
 Armour: Robe              |    28 |    13 ||    41
         Skin              |       |     9 ||     9
  Dodge: Dodged            |    60 |    61 ||   121
